 Dungeon Crawl Stone Soup version 0.28-a0-79-g444c7a33f5 (webtiles) character file.

Game seed: 12826389893166800114

8298 kae the Grappler (level 11, -3/110 HPs)
             Began as a White Draconian Transmuter on Aug 3, 2021.
             Slain by a black bear (4 damage)
             ... while petrified by a basilisk
             ... on level 10 of the Dungeon.
             The game lasted 00:11:29 (13425 turns).

kae the Grappler (White Draconian Transmuter)      Turns: 13425, Time: 00:11:30

Health: -3/110     AC:  8    Str: 13    XL:     11   Next: 8%
Magic:  18/21      EV:  1    Int: 16    God:
Gold:   2751       SH:  0    Dex: 12    Spells: 15/23 levels left

rFire   x . .      SeeInvis .     - Unarmed
rCold   + + +      Faith    .   (shield currently unavailable)
rNeg    + + +      Spirit   .   (armour unavailable)
rPois   ∞          Reflect  +   (helmet currently unavailable)
rElec   .          Harm     .   (cloak currently unavailable)
rCorr   .          Rampage  .   (gloves currently unavailable)
Will    .....                   (boots currently unavailable)
Stlth   +.........              i - amulet of reflection
HPRegen 0.28/turn               d - +4 ring of evasion
MPRegen 0.17/turn               (no ring)

@: ice-form, petrified
A: freezing attack, amphibious, boosted hp, (breathe frost), AC +7, large,
unfitting armour, (cold resistance 1), (cold-blooded)
a: End Transformation


You were on level 10 of the Dungeon.
You were a creature of crystalline ice.
You visited 1 branch of the dungeon, and saw 10 of its levels.
You also visited: Ossuary and Bailey.

You collected 2897 gold pieces.
You spent 146 gold pieces at shops.

Inventory:

Hand Weapons
 e - a +0 hand axe
 g - a +1 vorpal war axe (melded)
Missiles
 p - 3 throwing nets
Jewellery
 d - a +4 ring of evasion (left front paw)
 i - an amulet of reflection (around neck)
Wands
 k - a wand of mindburst (5)
 n - a wand of flame (41)
 v - a wand of charming (7)
 x - a wand of paralysis (4)
 E - a wand of iceblast (13)
Scrolls
 a - 7 scrolls of teleportation
 w - a scroll of blinking
 y - 4 scrolls of magic mapping
 A - a scroll of enchant weapon
Potions
 b - 2 potions of experience
 h - 2 potions of cancellation
 j - 6 potions of curing
 l - 2 potions of lignification
 m - a potion of flight
 o - a potion of brilliance
 q - 2 potions of haste
 r - a potion of magic {unknown}
 s - 2 potions of might
 t - a potion of mutation
 u - a potion of invisibility
 z - 2 potions of ambrosia
 B - a potion of resistance
 D - a potion of heal wounds


   Skills:
 + Level 7.5 Fighting
 - Level 1.7 Dodging
 * Level 10.3 Unarmed Combat
 + Level 6.7 Spellcasting
 * Level 10.1 Transmutations
 - Level 3.0 Ice Magic


You had 15 spell levels left.
You knew the following spells:

 Your Spells              Type           Power      Damage    Failure   Level
a - Beastly Appendage     Tmut           74%        N/A       1%          1
b - Spider Form           Tmut/Pois      10%        N/A       4%          3
c - Ice Form              Ice/Tmut       26%        N/A       9%          4

Your spell library contained the following spells:

 Spells                   Type           Power      Damage    Failure   Level
 Wereblood                Tmut           37%        N/A       1%          2
 Sublimation of Blood     Necr           2%         N/A       19%         2
 Freezing Cloud           Conj/Ice/Air   4%         6-21      93%         5
 Dispersal                Tloc           2%         N/A       100%        6
 Simulacrum               Ice/Necr       5%         N/A       100%        6
 Summon Hydra             Summ           2%         N/A       100%        7
 Disjunction              Tloc           2%         N/A       100%        8
 Polar Vortex             Ice            7%         N/A       100%        9


Dungeon Overview and Level Annotations

Branches:
Dungeon (10/15)            Temple (0/1) D:6            Lair (0/6) D:10
Ossuary (visited)          Bailey (visited)
    Orc: D:9-12

Altars:
Cheibriados
Elyvilon
Makhleb
Okawaru
Qazlal
Trog
Wu Jian
Yredelemnul

Shops:
D:1 *   D:7 =   D:8 *?=

Annotations:
D:6 exclusion: oklob sapling


Innate Abilities, Weirdness & Mutations

You are a creature of crystalline ice.
You have a powerful freezing melee attack.
You are amphibious.
Your maximum health is increased.
You are immune to poison.
Your armour is entirely melded.
You are incapable of wielding weapons or throwing items.
((You can breathe waves of freezing cold which knock back foes.))
((Your icy white scales are hard. (AC +7)))
You cannot fit into any form of body armour.
((Your flesh is cold resistant. (rC+)))
((You are cold-blooded and may be slowed by cold attacks.))


Message History

The black bear claws you. The basilisk bites you!
The wyvern bites you but does no damage.
The black bear bites you!
The black bear claws you but does no damage.
The black bear claws you. The basilisk bites you. The wyvern bites you!
The black bear bites you but does no damage.
The black bear claws you.
The black bear claws you but does no damage.
The wyvern bites you. The black bear bites you! The black bear claws you.
The black bear claws you but does no damage.
The basilisk bites you but does no damage.
The wyvern bites you! The black bear bites you.
The black bear claws you but does no damage.
The black bear claws you. The basilisk bites you!
* * * LOW HITPOINT WARNING * * *
The wyvern bites you!
* * * LOW HITPOINT WARNING * * *
The black bear bites you!
* * * LOW HITPOINT WARNING * * *
The black bear claws you but does no damage. x2
The wyvern bites you.
* * * LOW HITPOINT WARNING * * *
The black bear barely misses you. The black bear claws you.
* * * LOW HITPOINT WARNING * * *
The black bear claws you but does no damage.
The basilisk gazes at you. The wyvern bites you!
* * * LOW HITPOINT WARNING * * *
The black bear bites you.
* * * LOW HITPOINT WARNING * * *
The black bear claws you.
* * * LOW HITPOINT WARNING * * *
The black bear claws you but does no damage.
The basilisk gazes at you. The wyvern bites you!
* * * LOW HITPOINT WARNING * * *
The black bear bites you!
You die...

.... #..............#..
....## #..............#..
......# #..............#..
....P..##..............#..
........#####+#'##+#####..
.>........................
.....P....................
....Pl.#lhl.#####.........
......##.Y..#...#.........
....####....'...#.........
... #..)...#...#........
.# ##......#####........
.....................
.[....................
#....................###
#............#######.#..
...........# .#..


You could see a basilisk, a black bear (berserk) and a wyvern.

Vanquished Creatures
  Erolcha (D:9)
  3 centaur zombies
  An elephant (D:10)
  Joseph (D:8)
  Maggie (D:9)
  A gargoyle (D:10)
  Grinder (D:5)
  A hornet (D:9)
  Prince Ribbit (D:4)
  Sigmund (D:3)
  5 yaks
  Menkaure (Ossuary)
  An acid dragon (D:9)
  A water moccasin (D:7)
  2 ice beasts
  2 sky beasts
  14 orc warriors
  2 black bears
  3 ogres
  2 kobold brigands
  2 bullfrogs (D:9)
  A gnoll sergeant (D:8)
  A water moccasin skeleton (D:5)
  5 wights (D:8)
  A howler monkey (D:9)
  A bullfrog zombie (D:5)
  2 orc priests
  A bullfrog skeleton (D:5)
  2 gnoll shamans
  3 hounds
  2 jellies
  3 centaur skeletons
  3 iguanas
  8 orc wizards
  A killer bee zombie (D:6)
  4 mummies
  A hound skeleton (D:5)
  A howler monkey skeleton (D:6)
  19 gnolls
  7 adders
  2 worms
  2 dart slugs (D:1)
  54 orcs
  4 endoplasms
  3 giant cockroaches
  12 goblins
  7 hobgoblins
  12 jackals
  21 kobolds
  10 ball pythons
  6 bats
  3 frilled lizards
  4 gnoll skeletons (Ossuary)
  3 gnoll zombies (Ossuary)
  8 goblin skeletons (Ossuary)
  2 goblin zombies (Ossuary)
  3 hobgoblin skeletons (Ossuary)
  6 hobgoblin zombies (Ossuary)
  5 kobold skeletons (Ossuary)
  7 kobold zombies
  An orc skeleton (Ossuary)
  7 orc zombies
  4 rats
  4 rat skeletons (Ossuary)
  2 rat zombies (Ossuary)
305 creatures vanquished.

Vanquished Creatures (others)
  A fungus (D:10)
1 creature vanquished.

Grand Total: 306 creatures vanquished

Notes
Turn   | Place    | Note
-------+----------+-------------------------------------------
     0 | D:1      | kae the Draconian Transmuter began the quest for the Orb.
     0 | D:1      | Reached XP level 1. HP: 16/16 MP: 3/3
   192 | D:1      | Reached XP level 2. HP: 23/23 MP: 5/5
   584 | D:1      | Found Cutyur's General Store.
   977 | D:1      | Reached XP level 3. HP: 26/28 MP: 4/6
  1581 | D:2      | Found a faded altar of an unknown god.
  1782 | D:2      | Reached XP level 4. HP: 28/36 MP: 5/7
  2090 | D:2      | Identified a scroll of acquirement
  2090 | D:2      | Acquired 868 gold pieces
  2971 | D:3      | Reached XP level 5. HP: 41/41 MP: 8/8
  3066 | D:3      | Noticed Sigmund
  3076 | D:3      | Killed Sigmund
  3077 | D:3      | Reached XP level 6. HP: 44/50 MP: 8/10
  3502 | D:4      | Found a bloodstained altar of Trog.
  3529 | D:4      | Reached skill level 5 in Unarmed Combat
  3534 | D:4      | Learned a level 3 spell: Spider Form
  3539 | D:4      | Learned a level 4 spell: Ice Form
  3663 | D:4      | Found a stormy altar of Qazlal.
  4010 | D:5      | Entered Level 5 of the Dungeon
  4145 | D:5      | Reached skill level 1 in Ice Magic
  4145 | D:5      | Your scales start taking on an icy white colour.
  4145 | D:5      | Reached XP level 7. HP: 53/57 MP: 9/11
  4145 | D:5      | Gained mutation: Your flesh is cold resistant. (rC+) [White
                  | Draconian growth]
  4172 | D:5      | Noticed Prince Ribbit
  4202 | D:4      | Killed Prince Ribbit
  4203 | D:4      | Reached skill level 5 in Transmutations
  4536 | D:5      | Reached XP level 8. HP: 59/66 MP: 13/13
  5160 | D:5      | Found a snail-covered altar of Cheibriados.
  5162 | D:5      | Noticed Grinder
  5186 | D:5      | Paralysed by Grinder for 2 turns
  5199 | D:5      | Killed Grinder
  5534 | D:6      | You fall into a shaft and drop 2 floors!
  5615 | D:8      | Found Haegeu's Magic Scroll Boutique.
  5717 | D:8      | Reached skill level 5 in Fighting
  5717 | D:8      | Reached XP level 9. HP: 51/74 MP: 11/16
  5775 | D:8      | Found a flagged portal.
  5796 | Bailey   | Entered a bailey
  6121 | Bailey   | Reached skill level 5 in Spellcasting
  6329 | Bailey   | Noticed an orc knight
  6696 | Bailey   | Acquired 815 gold pieces
  7473 | D:8      | Bought a scroll of identify for 26 gold pieces
  7678 | D:8      | Noticed Joseph
  7686 | D:8      | Killed Joseph
  7803 | D:8      | Found Dousucut's General Store.
  7810 | D:8      | Bought a scroll of blinking for 120 gold pieces
  7999 | D:8      | Paralysed by an orc for 7 turns
  8075 | D:8      | Found Arhun's Jewellery Shoppe.
  8094 | D:8      | Reached XP level 10. HP: 60/83 MP: 15/18
  8153 | D:7      | Found a sand-covered staircase.
  8160 | Ossuary  | Entered an ossuary
  8742 | Ossuary  | Noticed Menkaure
  8758 | Ossuary  | Killed Menkaure
  9132 | D:7      | Found Ucoinn's Jewellery Boutique.
 10211 | D:6      | Found a staircase to the Ecumenical Temple.
 11030 | D:8      | Found an ornate altar of the Wu Jian Council.
 11457 | D:9      | Noticed Maggie
 11462 | D:8      | Found an iron altar of Okawaru.
 11462 | D:8      | Found a burning altar of Makhleb.
 11652 | D:9      | Killed Maggie
 11670 | D:9      | Noticed Erolcha
 11725 | D:9      | Killed Erolcha
 11726 | D:9      | Reached skill level 10 in Unarmed Combat
 11961 | D:9      | Found a white marble altar of Elyvilon.
 12238 | D:9      | Found a basalt altar of Yredelemnul.
 12618 | D:10     | Entered Level 10 of the Dungeon
 12632 | D:10     | Acquired 663 gold pieces
 12762 | D:10     | Noticed a gargoyle
 12772 | D:10     | Killed a gargoyle
 12773 | D:10     | Reached skill level 10 in Transmutations
 12773 | D:10     | Reached XP level 11. HP: 19/92 MP: 16/20
 13086 | D:10     | Identified the +10 mace "Poscholyi" {spect, rPois SInv}
 13407 | D:10     | Found a staircase to the Lair.
 13425 | D:10     | HP: 1/110 [wyvern (6)]
 13425 | D:10     | Slain by a black bear

Illustrated notes

Levels and vault maps discovered:
D:1:      amcnicky_arrival_blooded_trapdoor, layout_loops_corners, serial_shops,
          shop, grunt_decor_mini_mirrors
D:2:      layout_basic, chequers_ecumenical_altar_simple_redux,
          skrybe_limestone_x
D:3:      wander_river, layout_basic, minmay_misc_feat_doors, uniq_sigmund
D:4:      layout_rooms, trog_three_pillars_becter, kennysheep_mini,
          kennysheep_big_empty_room
D:5:      layout_loops_cross, mainiacjoe_overflow_small_starburst,
          uniq_prince_ribbit1, uniq_grinder
D:6:      layout_basic, minmay_temple_entry_oklob, minmay_misc_feat_nine_boxes
D:7:      layout_loops_ring, serial_shops, nicolae_shop_stone,
          nicolae_ossuary_entry_giza
D:8:      layout_loops_ring, nicolae_overflow_hidden_temple,
          nicolae_wu_jian_glorious_leap, serial_shops, shop, shop_statue,
          nicolae_shop_statue_plus, enter_bailey_5, uniq_joseph
D:9:      layout_cave_pools, marbit_many_paths,
          mainiacjoe_overflow_six_doors_small, roderic_serpentine_path,
          kennysheep_path_1, uniq_maggie, uniq_erolcha
D:10:     layout_irregular_city, david_lair_generic, minmay_crystal_water

Skill      XL: |  1  2  3  4  5  6  7  8  9 10 |
---------------+-------------------------------+-----
Fighting       | 2 3 5 6 7 |  7.5
Transmutations | 3 4 5 6 8 10 | 10.1
Unarmed Combat | 4 5 7 8 10 | 10.3
Spellcasting   | 3 4 5 6 |  6.7
Ice Magic      | 1 3 |  3.0
Dodging        | |  1.7

Action                   |  1- 3 |  4- 6 |  7- 9 | 10-12 || total
-------------------------+-------+-------+-------+-------++-------
Melee: Unarmed           |    23 |       |   223 |   255 ||   501
       Tailslap          |     8 |    11 |     7 |     5 ||    31
       Kick              |    10 |    17 |     1 |       ||    28
       Headbutt          |     5 |    14 |     2 |       ||    21
       Hand axe          |    53 |       |       |       ||    53
       Punch             |     2 |       |     1 |       ||     3
       War axe           |    22 |   111 |    66 |    43 ||   242
 Cast: Beastly Appendage |    16 |    24 |     2 |       ||    42
       Ice Form          |       |       |    21 |    36 ||    57
       Spider Form       |       |       |     2 |       ||     2
Evoke: Wand              |       |       |       |     2 ||     2
  Use: Scroll            |       |     8 |     4 |    11 ||    23
       Potion            |       |     1 |     5 |       ||     6
 Stab: Sleeping          |     1 |       |       |     1 ||     2
       Distracted        |       |       |     1 |       ||     1
Armor: Skin              |    42 |    54 |    88 |    83 ||   267
Dodge: Dodged            |    89 |   131 |   318 |   172 ||   710
Block: Other             |       |       |    76 |    56 ||   132
       Reflection        |       |       |       |     2 ||     2

Table legend: (Time is in decaauts)
 A = Elapsed time spent in this place.
 B = Non-inter-level travel time spent in this place.
 C = Inter-level travel time spent in this place.
 D = Time resting spent in this place.
 E = Time spent auto-exploring this place.
 F = Levels seen in this place.
 G = Mean time per level.
                   A        B        C        D        E       F      G
               +--------+--------+--------+--------+--------+-----+--------+
         Total |  13536 |  13190 |    346 |   1450 |   9571 |  12 | 1128.0 |
       Dungeon |  11552 |  11206 |    346 |    808 |   8751 |  10 | 1155.2 |
       Ossuary |    873 |    873 |      0 |      0 |    660 |   1 |  873.0 |
        Bailey |   1110 |   1110 |      0 |    642 |    160 |   1 | 1110.0 |
               +--------+--------+--------+--------+--------+-----+--------+

Top non-repeatable levels by time:
     D:8: 1848 daAuts
     D:9: 1352 daAuts
     D:3: 1343 daAuts
     D:1: 1262 daAuts
     D:5: 1173 daAuts
  Bailey: 1110 daAuts
     D:6: 994 daAuts
     D:4: 983 daAuts
     D:7: 908 daAuts
     D:2: 882 daAuts
 Ossuary: 873 daAuts
    D:10: 802 daAuts
